[Event "Limburg Open 2022"]
[Site "Maastricht"]
[Date "2022.06.03"]
[Round "1.1"]
[White "Warmerdam, Max"]
[Black "Van Dijk, Harold"]
[Result "1-0"]
[ECO "A57"]
[WhiteElo "2613"]
[BlackElo "2259"]
[PlyCount "101"]
[EventDate "2022.06.03"]
[EventType "swiss"]
[EventRounds "7"]
[EventCountry "NED"]
[SourceTitle "Limburg Open"]
[Source "Limburg Open"]
[SourceDate "2022.06.06"]
[SourceVersion "7"]
[SourceVersionDate "2022.06.06"]
[SourceQuality "1"]
[TimeControl "7200+15"]

1. d4 Nf6 2. c4 c5 3. d5 b5 4. cxb5 a6 5. e3 e6 6. Nc3 exd5 7. Nxd5 Bb7 8.
Nxf6+ Qxf6 9. Nf3 Bd6 10. Bd2 O-O 11. Bc3 Qe7 12. b6 Nc6 13.
Bc4 Ne5 14. Bd5 Rab8 15. Bxb7 Rxb7 16. Qd5 Nxf3+ 17. gxf3 Rxb6 18. O-O-O Qe6 19. f4 f6 20. h4 Qxd5 21. Rxd5 Kf7 22. f5 Rc6 23. h5 h6 24. Kc2 Rb8 25. Rhd1 Ke7 26. Rg1 Kf7 27. f4 Rb7 28. Rgd1 Ke7 29. R5d2 c4 30. Rg2 Kf7 31. Rgd2 Ke7 32. Rg1 Kf7 33. Rdg2 Bf8 34. e4 Rb5 35. Rg6 d6 36. e5 dxe5 37. fxe5 Rd5 38. R1g4 a5 39. a4 Ke7 40. Re4 Kd7 41. Rd4 Rxd4 42. Bxd4 Ke7 43. Bc3 Kf7 44. Bxa5 Ra6 45. Bc3 Rxa4 46. exf6 gxf6 47. Rxf6+ Kg8 48. Rg6+ Kh7 49. Rc6 Ra1 50. Rc8 Bd6 51. Rh8# 1-0

[Event "Limburg Open 2022"]
[Site "Maastricht"]
[Date "2022.06.03"]
[Round "1.2"]
[White "Wild, Achim"]
[Black "Donchenko, Alexander"]
[Result "0-1"]
[ECO "A06"]
[WhiteElo "2258"]
[BlackElo "2602"]
[PlyCount "50"]
[EventDate "2022.06.03"]
[EventType "swiss"]
[EventRounds "7"]
[EventCountry "NED"]
[SourceTitle "Limburg Open"]
[Source "Limburg Open"]
[SourceDate "2022.06.06"]
[SourceVersion "7"]
[SourceVersionDate "2022.06.06"]
[SourceQuality "1"]
[TimeControl "7200+15"]

1. Nf3 d5 2. e3 c5 3. b3 Nc6 4. Bb5 f6 5. Bxc6+ bxc6 6. O-O e5 7. d3 Bd6 8. e4 Ne7 9. Nc3 Be6 10. Ba3 Ng6 11. Na4 Qe7 12. Qe1 Bg4 13.
Nd2 Nf4 14. f3 Bd7 15. Kh1 O-O 16. Qf2 Ne6 17. Rfe1 f5 18. Bb2 Nd4 19. Rac1 Rae8 20. c3 Ne6 21. Rcd1 Nf4 22. Qf1 c4 23. dxc4 fxe4 24. c5 Bb8 25. fxe4 Bg4 0-1

[Event "Limburg Open 2022"]
[Site "Maastricht"]
[Date "2022.06.03"]
[Round "1.3"]
[White "Gurevich, Mikhail"]
[Black "Baselmans, Luuk"]
[Result "1-0"]
[ECO "A28"]
[WhiteElo "2576"]
[BlackElo "2257"]
[PlyCount "105"]
[EventDate "2022.06.03"]
[EventType "swiss"]
[EventRounds "7"]
[EventCountry "NED"]
[SourceTitle "Limburg Open"]
[Source "Limburg Open"]
[SourceDate "2022.06.06"]
[SourceVersion "7"]
[SourceVersionDate "2022.06.06"]
[SourceQuality "1"]
[TimeControl "7200+15"]

1. c4 e5 2. Nc3 Nf6 3. Nf3 Nc6 4. a3 g6 5. d3 Bg7 6. g3 O-O 7. Bg2 d5 8. cxd5 Nxd5 9. Bg5 Nxc3 10. bxc3 Bf6 11. Bxf6 Qxf6 12. O-O Bg4 13. Rb1 Rab8 14. Qd2 Bxf3 15. Bxf3 Qd6 16. Qa2 b6 17. Rfd1 Rbd8 18. e3 Na5 19. d4 c5 20. a4 Kg7 21. Qe2 Rfe8 22. Qb5 Qf6 23.
Kg2 cxd4 24. cxd4 exd4 25. Rxd4 Rxd4 26. Qxe8 Rd2 27. Rb4 Nb7 28. Rf4 Nd6 29. Rxf6 Nxe8 30. Rc6 Rd7 31. Rc8 Nc7 32. Bc6 Re7 33. e4 Ne6 34. f4 g5 35. Kf3 gxf4 36. gxf4 Nd4+ 37. Ke3 Nxc6 38. Rxc6 Re6 39. Rc7 Rh6 40. e5 Rh3+ 41. Ke4 Rxh2 42. f5 Re2+ 43. Kf4 Rf2+ 44. Kg4 h5+ 45. Kg5 Rg2+ 46. Kxh5 Kf8 47. f6 Ke8 48. Re7+ Kd8 49. Rxf7 Re2 50. Re7 a6 51. Kg6 b5 52. axb5 axb5 53. Kf5 1-0

[Event "Limburg Open 2022"]
[Site "Maastricht"]
[Date "2022.06.03"]
[Round "1.4"]
[White "Klinova, Masha"]
[Black "Dardha, Daniel"]
[Result "0-1"]
[ECO "B30"]
[WhiteElo "2255"]
[BlackElo "2555"]
[PlyCount "128"]
[EventDate "2022.06.03"]
[EventType "swiss"]
[EventRounds "7"]
[EventCountry "NED"]
[SourceTitle "Limburg Open"]
[Source "Limburg Open"]
[SourceDate "2022.06.06"]
[SourceVersion "7"]
[SourceVersionDate "2022.06.06"]
[SourceQuality "1"]
[TimeControl "7200+15"]

1. e4 c5 2. Nf3 Nc6 3. Bb5 e6 4. Bxc6 bxc6 5. O-O d6 6.
Re1 Ne7 7. b3 Ng6 8. Bb2 e5 9. c3 Nf4 10. d4 Qf6 11. Bc1 g5 12. Bxf4 gxf4 13.
dxe5 dxe5 14. Kh1 Bg4 15. Nbd2 Rg8 16. Qe2 Rg6 17. Nc4 Bd6 18. Nxd6+ Qxd6 19. Rad1 Qf6 20. Rd3 Kf8 21. Qf1 Kg7 22. h3 Be6 23. c4 Rg8 24. Red1 Kh8 25. Ne1 Qh4 26. Kh2 f5 27. Qe2 f3 28. Rxf3 fxe4 29. Rg3 Rxg3 30. fxg3 Rxg3 31. Rd8+ Kg7 32. Ra8 Bxh3 33. Rxa7+ Kg6 34. Kg1 Bf5 35. Ra8 Kh6 36. Rf8 Bg6 37. Qf2 Qg5 38. Rc8 e3 39. Qf8+ Kh5 40. Qd8 Qf5 41. Qf8 Qb1 42. Qf1 Qxa2 43. Rxc6 Qxb3 44. Rxc5 Qc3 45. Qe2+ Kh6 46. Rc6 Qd2 47. Qf1 Qd4 48. Qe2 Rg5 49. Nf3 Qa1+ 50. Qf1 Qxf1+ 51. Kxf1 Rh5 52. Ke2 e4 53. Ne1 Rh1 54. Nc2 Kg5 55. Nxe3 Ra1 56. Kf2 Kf4 57. Nd5+ Ke5 58. Ne7 Ra2+ 59. Kg3 Bf7 60. Rh6 e3 61. Rxh7 Bxc4 62. Rh1 Ke4 63. Ng6 Ba6 64. Nf4 Ra5 0-1

[Event "Limburg Open 2022"]
[Site "Maastricht"]
[Date "2022.06.03"]
[Round "1.5"]
[White "Van Foreest, Lucas"]
[Black "Warakomska, Anna"]
[Result "1-0"]
[ECO "D13"]
[WhiteElo "2553"]
[BlackElo "2253"]
[PlyCount "63"]
[EventDate "2022.06.03"]
[EventType "swiss"]
[EventRounds "7"]
[EventCountry "NED"]
[SourceTitle "Limburg Open"]
[Source "Limburg Open"]
[SourceDate "2022.06.06"]
[SourceVersion "7"]
[SourceVersionDate "2022.06.06"]
[SourceQuality "1"]
[TimeControl "7200+15"]

1. d4 d5 2. c4 c6 3. Nf3 Nf6 4. cxd5 cxd5 5. Nc3 Nc6 6. Bf4 a6 7. Rc1 Bf5 8. e3 Rc8 9. Ne5 Nxe5 10. dxe5 Ne4 11. Nxe4 Rxc1 12. Qxc1 dxe4 13. Be2 Qa5+ 14. Kf1 g6 15. a3 Bg7 16. b4 Qd8 17. g4 Be6 18. Kg2 O-O 19. h3 Qc8 20. Rd1 Rd8 21. Rxd8+ Qxd8 22. Qc5 h6 23. Bc4 Qd7 24. Bxe6 Qxe6 25. b5 h5 26. gxh5 gxh5 27. b6 Bf8 28. Qc7 Qd5 29. Qc8 Kg7 30. Bh6+ Kxh6 31. Qxf8+ Kg6 32. Qxe7 1-0

[Event "Limburg Open 2022"]
[Site "Maastricht"]
[Date "2022.06.03"]
[Round "1.6"]
[White "Sidiropoulos, Nikos"]
[Black "Ernst, Sipke"]
[Result "0-1"]
[ECO "D35"]
[WhiteElo "2247"]
[BlackElo "2538"]
[PlyCount "62"]
[EventDate "2022.06.03"]
[EventType "swiss"]
[EventRounds "7"]
[EventCountry "NED"]
[SourceTitle "Limburg Open"]
[Source "Limburg Open"]
[SourceDate "2022.06.06"]
[SourceVersion "7"]
[SourceVersionDate "2022.06.06"]
[SourceQuality "1"]
[TimeControl "7200+15"]

1. d4 Nf6 2. c4 e6 3. Nf3 d5 4. cxd5 exd5 5. Nc3 c6 6. Qc2 g6 7. Bg5 Be7 8. e3 Bf5 9. Bd3 Bxd3 10. Qxd3 Nbd7 11. Bh6 Ng4 12. Bf4 O-O 13. h3 Ngf6 14. O-O-O Qa5 15. Kb1 b5 16. Ne5 Nxe5 17. Bxe5 Nd7 18. h4 b4 19. Ne2 c5 20. h5 c4 21. Qc2 g5 22. Qf5 Qa4 23.
h6 Qc6 24. Ng3 f6 25. Bf4 Rf7 26. e4 gxf4 27. exd5 Qa4 28. Ne2 Nb6 29. Nxf4 b3 30. a3 Bxa3 31. Rh3 Bd6 0-1

[Event "Limburg Open 2022"]
[Site "Maastricht"]
[Date "2022.06.03"]
[Round "1.7"]
[White "Gupta, Sankalp"]
[Black "Dorst, Johannes"]
[Result "1/2-1/2"]
[ECO "E61"]
[WhiteElo "2505"]
[BlackElo "2246"]
[PlyCount "68"]
[EventDate "2022.06.03"]
[EventType "swiss"]
[EventRounds "7"]
[EventCountry "NED"]
[SourceTitle "Limburg Open"]
[Source "Limburg Open"]
[SourceDate "2022.06.06"]
[SourceVersion "7"]
[SourceVersionDate "2022.06.06"]
[SourceQuality "1"]
[TimeControl "7200+15"]

1. Nf3 Nf6 2. e3 c5 3. c4 g6 4. d4 Bg7 5. Nc3 O-O 6. d5 e6 7. Bd3 exd5 8. cxd5 d6 9. h3 Na6 10. O-O Nc7 11. e4 b5 12. Nxb5 Nxb5 13.
Bxb5 Nxe4 14. Qa4 Rb8 15. Bc6 Rb4 16. Qxa7 f5 17. a3 Rb3 18. Qa4 Rxf3 19. gxf3 Ng5 20. Kg2 f4 21. Rh1 Nxh3 22. Rxh3 Bxh3+ 23. Kxh3 Qg5 24. Qd1 Bd4 25. Qe1 Rf5 26. Bd7 Re5 27. Qf1 Qh5+ 28.
Kg2 Rg5+ 29. Bg4 Rxg4+ 30. fxg4 Qxg4+ 31. Kh1 Qh4+ 32. Kg2 Qg4+ 33. Kh1 Qh4+ 34. Kg2 Qg4+ 1/2-1/2

[Event "Limburg Open 2022"]
[Site "Maastricht"]
[Date "2022.06.03"]
[Round "1.8"]
[White "Pham, Khoi"]
[Black "Zwirs, Nico"]
[Result "0-1"]
[ECO "B60"]
[WhiteElo "2244"]
[BlackElo "2475"]
[PlyCount "106"]
[EventDate "2022.06.03"]
[EventType "swiss"]
[EventRounds "7"]
[EventCountry "NED"]
[SourceTitle "Limburg Open"]
[Source "Limburg Open"]
[SourceDate "2022.06.06"]
[SourceVersion "7"]
[SourceVersionDate "2022.06.06"]
[SourceQuality "1"]
[TimeControl "7200+15"]

1. e4 c5 2. Nf3 d6 3. d4 cxd4 4. Nxd4 Nf6 5. Nc3 a6 6. Bg5 Nc6 7. Bxf6 gxf6 8. Nxc6 bxc6 9. Bc4 Qa5 10. Qe2 h5 11. Bb3 Bd7 12. O-O-O h4 13.
f4 Rb8 14. Qc4 e6 15. Qd4 Be7 16. Rhe1 Qb6 17. Qd3 Rg8 18. Qh3 Qf2 19. Rf1 Qxg2 20. Qe3 Qxh2 21. Ne2 Rg2 22. Bc4 d5 23. Rh1 Rxe2 24. Bxe2 Qg3 25. Qxg3 hxg3 26. Rh8+ Bf8 27. exd5 cxd5 28.
Rg1 a5 29. Rxg3 Ke7 30. Bh5 e5 31. Rh7 exf4 32. Rxf7+ Ke6 33. Rg8 Bd6 34. Rxb8 Bxb8 35. Rf8 Bc7 36. Kd2 Ke7 37. Rf7+ Ke6 38. Rg7 Kd6 39. Bg4 f5 40. Bf3 Be6 41. Kd3 Bb6 42. Bh5 Bc5 43. c3 Bd7 44. Bf7 Bb5+ 45.
Kd2 Be3+ 46. Kd1 f3 47. Bh5 f2 48. Be2 f1=Q+ 49. Bxf1 Bxf1 50. b4 axb4 51. cxb4 Bb5 52. Rb7 Bc4 53. a4 f4 0-1

[Event "Limburg Open 2022"]
[Site "Maastricht"]
[Date "2022.06.03"]
[Round "1.9"]
[White "Roebers, Eline"]
[Black "Van Cappellen, Jonas"]
[Result "1/2-1/2"]
[ECO "B31"]
[WhiteElo "2378"]
[BlackElo "2244"]
[PlyCount "50"]
[EventDate "2022.06.03"]
[EventType "swiss"]
[EventRounds "7"]
[EventCountry "NED"]
[SourceTitle "Limburg Open"]
[Source "Limburg Open"]
[SourceDate "2022.06.06"]
[SourceVersion "7"]
[SourceVersionDate "2022.06.06"]
[SourceQuality "1"]
[TimeControl "7200+15"]

1. e4 c5 2. Nf3 Nc6 3. Bb5 g6 4. O-O Bg7 5. c3 Nf6 6. Re1 O-O 7. d4 d5 8. e5 Ne4 9. h3 Qb6 10. Na3 cxd4 11. cxd4 Bf5 12. Bd3 Rfd8 13. Be3 Qxb2 14. Nb5 Nd2 15. Bxf5 Nxf3+ 16. Qxf3 Qxb5 17. Bc2 Qb2 18. Qd1 Rac8 19. Rb1 Qxa2 20. Rxb7 Nxe5 21. dxe5 Qxc2 22. Rxe7 Qxd1 23. Rxd1 Kf8 24. Rxa7 Bxe5 25. Ra5 Bf6 1/2-1/2

[Event "Limburg Open 2022"]
[Site "Maastricht"]
[Date "2022.06.03"]
[Round "1.10"]
[White "Bomans, Arno"]
[Black "Ondersteijn, Niels"]
[Result "1-0"]
[ECO "A45"]
[WhiteElo "2241"]
[BlackElo "2376"]
[PlyCount "71"]
[EventDate "2022.06.03"]
[EventType "swiss"]
[EventRounds "7"]
[EventCountry "NED"]
[SourceTitle "Limburg Open"]
[Source "Limburg Open"]
[SourceDate "2022.06.06"]
[SourceVersion "7"]
[SourceVersionDate "2022.06.06"]
[SourceQuality "1"]
[TimeControl "7200+15"]

1. d4 Nf6 2. Bg5 c5 3. Bxf6 gxf6 4. d5 Qb6 5. Qc1 f5 6. c4 Bg7 7. Nc3 d6 8. e3 Qa5 9. Nf3 a6 10. Be2 Nd7 11. O-O Nf6 12. Qc2 Bd7 13.
Nh4 b5 14. Nxf5 Bxf5 15. Qxf5 bxc4 16. Bxc4 Rb8 17. Rac1 h5 18. Rc2 h4 19. Be2 Nd7 20. Ne4 Bxb2 21. Ng5 Bf6 22. Nxf7 Kxf7 23. Qxd7 Rb4 24. Qf5 Qa4 25. a3 Re4 26. Bh5+ Kf8 27. Rb2 Rh6 28. Bd1 Qc4 29. Be2 Qa4 30. Rb8+ Kf7 31. Qc8 Bg7 32. Bd1 Qc4 33. Qf5+ Bf6 34. Bb3 Qd3 35. Rd1 Rxe3 36. Qxd3 1-0

[Event "Limburg Open 2022"]
[Site "Maastricht"]
[Date "2022.06.03"]
[Round "1.11"]
[White "Kopylov, Michael"]
[Black "Grutter, Tim"]
[Result "0-1"]
[ECO "E62"]
[WhiteElo "2372"]
[BlackElo "2234"]
[PlyCount "114"]
[EventDate "2022.06.03"]
[EventType "swiss"]
[EventRounds "7"]
[EventCountry "NED"]
[SourceTitle "Limburg Open"]
[Source "Limburg Open"]
[SourceDate "2022.06.06"]
[SourceVersion "7"]
[SourceVersionDate "2022.06.06"]
[SourceQuality "1"]
[TimeControl "7200+15"]

1. d4 Nf6 2. c4 g6 3. g3 Bg7 4. Bg2 O-O 5. Nf3 d6 6. O-O Nc6 7. Nc3 e5 8. d5 Ne7 9. c5 Ne8 10. cxd6 Nxd6 11. e4 c6 12. Re1 h6 13. Qb3 b6 14. dxc6 Nxc6 15.
Rd1 Qc7 16. Nd5 Qb8 17. Be3 Be6 18. Rac1 Rc8 19. Qa4 b5 20. Qa6 Nc4 21. Bc5 Bxd5 22. exd5 Nd8 23. b4 Qb7 24. Qxb7 Nxb7 25. d6 Ncxd6 26. Bxd6 Rxc1 27. Rxc1 Nxd6 28.
Nxe5 Re8 29. Nc6 Re2 30. Rd1 Bf8 31. Bd5 Ne4 32. Rd3 Nxf2 33.
Rf3 Nh3+ 34. Kf1 Rd2 35. Bxf7+ Kg7 36. Bb3 Ng5 37. Rf2 Rd7 38. Rf4 Rc7 39. Nd4 Bd6 40. Rg4 Rb7 41. h4 Nf7 42. Nf5+ Kf6 43.
Bxf7 Kxf5 44. Bd5 Kxg4 45. Bxb7 Kxg3 46. h5 g5 47. Bc6 Kh4 48. Bxb5 Kxh5 49. Be2+ Kh4 50. b5 h5 51. Kg2 g4 52. a4 Bc7 53. Bc4 Kg5 54. Be6 h4 55. Bd7 h3+ 56. Kf2 g3+ 57. Kf3 g2 0-1

[Event "Limburg Open 2022"]
[Site "Maastricht"]
[Date "2022.06.03"]
[Round "1.12"]
[White "Bentel, Robin"]
[Black "De Rover, Yong Hoon"]
[Result "0-1"]
[ECO "E15"]
[WhiteElo "2225"]
[BlackElo "2359"]
[PlyCount "60"]
[EventDate "2022.06.03"]
[EventType "swiss"]
[EventRounds "7"]
[EventCountry "NED"]
[SourceTitle "Limburg Open"]
[Source "Limburg Open"]
[SourceDate "2022.06.06"]
[SourceVersion "7"]
[SourceVersionDate "2022.06.06"]
[SourceQuality "1"]
[TimeControl "7200+15"]

1. d4 Nf6 2. c4 e6 3. Nf3 b6 4. g3 Ba6 5. b3 Bb4+ 6. Bd2 Be7 7. Bg2 c6 8. Nc3 d5 9. O-O O-O 10. Bf4 Nbd7 11. Nd2 Nh5 12. a3 Rc8 13. b4 Nxf4 14. gxf4 dxc4 15. Qa4 Nb8 16. e3 Qc7 17. Nf3 Rcd8 18. Ne5 b5 19. Qc2 f6 20. Nf3 Bc8 21. Rfb1 Nd7 22. a4 a6 23. d5 exd5 24. Nd4 Nb6 25. a5 Na8 26. Rd1 Kh8 27. Nxc6 Qxc6 28. Rxd5 Bb7 29. Rg5 Qc8 30. Rh5 Rd3 0-1

[Event "Limburg Open 2022"]
[Site "Maastricht"]
[Date "2022.06.03"]
[Round "1.13"]
[White "Thinius, Marco"]
[Black "Noiroux, Kevin"]
[Result "0-1"]
[ECO "A10"]
[WhiteElo "2358"]
[BlackElo "2210"]
[PlyCount "80"]
[EventDate "2022.06.03"]
[EventType "swiss"]
[EventRounds "7"]
[EventCountry "NED"]
[SourceTitle "Limburg Open"]
[Source "Limburg Open"]
[SourceDate "2022.06.06"]
[SourceVersion "7"]
[SourceVersionDate "2022.06.06"]
[SourceQuality "1"]
[TimeControl "7200+15"]

1. c4 f5 2. g3 Nf6 3. Bg2 g6 4. Nc3 Bg7 5. d3 d6 6. e4 fxe4 7. dxe4 O-O 8.
Nge2 c5 9. O-O Nc6 10. h3 e5 11. f4 Be6 12. b3 Qd7 13. Kh2 exf4 14. Bxf4 Ne5 15. Qd2 a6 16. Rad1 Rad8 17. Bg5 b5 18. cxb5 axb5 19. Nf4 c4 20.
Nxe6 Qxe6 21. Nxb5 cxb3 22. Nd4 Qe8 23. axb3 Rd7 24. b4 h6 25. Qa2+ Kh7 26. Bc1 Re7 27. Rfe1 d5 28. b5 Nc4 29. Nc6 Rxe4 30.
Bxe4 Nxe4 31. Rxd5 Qe6 32. Rd2 Ncxd2 33. Qxd2 Nxd2 34. Rxe6 Rf2+ 35. Kg1 Rf1+ 36. Kg2 Rxc1 37. b6 Rb1 38. Nd8 Bd4 39. Re7+ Kg8 40. Re8+ Kg7 0-1

[Event "Limburg Open 2022"]
[Site "Maastricht"]
[Date "2022.06.03"]
[Round "1.14"]
[White "Sucikova, Svetlana"]
[Black "Lenaerts, Lennert"]
[Result "0-1"]
[ECO "A13"]
[WhiteElo "2209"]
[BlackElo "2353"]
[PlyCount "92"]
[EventDate "2022.06.03"]
[EventType "swiss"]
[EventRounds "7"]
[EventCountry "NED"]
[SourceTitle "Limburg Open"]
[Source "Limburg Open"]
[SourceDate "2022.06.06"]
[SourceVersion "7"]
[SourceVersionDate "2022.06.06"]
[SourceQuality "1"]
[TimeControl "7200+15"]

1. e3 d5 2. Nf3 Nf6 3. c4 e6 4. b3 Bd6 5. Bb2 b6 6. Be2 Nbd7 7. O-O O-O 8. d4 Bb7 9. Nbd2 Qe7 10. Rc1 Ne4 11. Ne5 Nxd2 12. Qxd2 Nxe5 13. dxe5 Bb4 14. Qc2 dxc4 15. Qxc4 Bc5 16. Qg4 Rfd8 17. Rc2 Rac8 18. Rfc1 a6 19. h3 Rd7 20. Qf4 Rcd8 21. Bh5 h6 22. Kh2 a5 23. Bf3 Bxf3 24. Qxf3 Rd2 25. Bc3 Rxc2 26. Rxc2 Rd5 27. Qe2 Qd7 28. Qc4 b5 29. Qe4 Bb6 30. Bd4 c5 31. Bc3 a4 32. bxa4 b4 33.
Bb2 Qxa4 34. Qc4 Qd7 35. f4 Rd2 36. Rxd2 Qxd2 37. Bc1 Qd1 38.
Bb2 Qd2 39. Bc1 Qe1 40. Qc2 Qf1 41. a3 bxa3 42. Bxa3 c4 43.
Bc1 Ba5 44. e4 Bb6 45. Qd2 Bf2 46. Qd8+ Kh7 0-1

[Event "Limburg Open 2022"]
[Site "Maastricht"]
[Date "2022.06.04"]
[Round "2.1"]
[White "Elgersma, Onno"]
[Black "Warmerdam, Max"]
[Result "0-1"]
[ECO "B52"]
[WhiteElo "2312"]
[BlackElo "2613"]
[PlyCount "130"]
[EventDate "2022.06.03"]
[EventType "swiss"]
[EventRounds "7"]
[EventCountry "NED"]
[SourceTitle "Limburg Open"]
[Source "Limburg Open"]
[SourceDate "2022.06.06"]
[SourceVersion "7"]
[SourceVersionDate "2022.06.06"]
[SourceQuality "1"]
[TimeControl "7200+15"]

1. e4 c5 2. Nf3 d6 3. Bb5+ Bd7 4. Bxd7+ Nxd7 5. c4 Ngf6 6. Nc3 Ne5 7. O-O Nfd7 8. Nxe5 dxe5 9. d3 e6 10. Qg4 h5 11. Qe2 Bd6 12. a3 Nb8 13.
Rb1 Nc6 14. Be3 b6 15. Na2 Qe7 16. Qd2 O-O 17. b4 g6 18. b5 Nd4 19. Bxd4 exd4 20. f4 a6 21. Qc1 axb5 22. Rxb5 Bc7 23. Rb3 f5 24. Qe1 e5 25. exf5 Rxf5 26. Rb1 Rxa3 27. Nc1 e4 28. g3 e3 29. Qe2 Qf7 30.
h4 Qd7 31. Rb3 Ra1 32. Rb2 Rf8 33. Ra2 Rxa2 34. Qxa2 Qc6 35. Qe2 Kg7 36. Nb3 Ra8 37. Na1 Bd6 38. Nc2 Ra2 39. Ra1 Rxa1+ 40. Nxa1 b5 41. cxb5 Qxb5 42. Nc2 Qb2 43. Kf1 Bc7 44. Ne1 Qxe2+ 45. Kxe2 Kf6 46. Nc2 Kf5 47. Kf3 Ba5 48. Na3 Be1 49. Nc4 e2 50. Nd6+ Ke6 51. Ne4 Bxg3 52. Kxe2 Bxh4 53. Nxc5+ Kf5 54. Kf3 Be7 55. Nb3 Bf6 56. Nc1 Bg7 57. Ne2 h4 58. Ng1 Bf8 59. Ne2 Bc5 60. Ng1 Bb4 61. Ne2 Bc3 62. Ng1 Bd2 63. Ne2 Be3 64. Kg2 Kg4 65. Kh2 Bxf4+ 0-1

[Event "Limburg Open 2022"]
[Site "Maastricht"]
[Date "2022.06.04"]
[Round "2.2"]
[White "Donchenko, Alexander"]
[Black "Pauly, Carlo"]
[Result "1/2-1/2"]
[ECO "E63"]
[WhiteElo "2602"]
[BlackElo "2305"]
[PlyCount "99"]
[EventDate "2022.06.03"]
[EventType "swiss"]
[EventRounds "7"]
[EventCountry "NED"]
[SourceTitle "Limburg Open"]
[Source "Limburg Open"]
[SourceDate "2022.06.06"]
[SourceVersion "7"]
[SourceVersionDate "2022.06.06"]
[SourceQuality "1"]
[TimeControl "7200+15"]

1. d4 Nf6 2. c4 g6 3. g3 Bg7 4. Bg2 O-O 5. Nc3 d6 6. Nf3 Nc6 7. O-O a6 8. b3 Rb8 9. d5 Na5 10. Bg5 h6 11. Bd2 c5 12. dxc6 Nxc6 13. Rc1 Kh7 14. h3 Bd7 15. Nd5 Nxd5 16. cxd5 Nd4 17. Nxd4 Bxd4 18. Bxh6 Bxf2+ 19. Rxf2 Kxh6 20. Qd4 f6 21. Rcf1 Kg7 22. g4 Qc7 23. g5 Qc5 24. Qxc5 dxc5 25. d6 f5 26. dxe7 Rfe8 27. Rd1 Rxe7 28. Rd6 b5 29. Rxa6 c4 30. Rf3 Bc8 31. Ra5 Rxe2 32. Bf1 Re4 33. a4 Be6 34. b4 bxa4 35. Rxa4 Re1 36. Kf2 Rb1 37. Re3 Rb6 38. Re5 c3 39. Rc5 Rb2+ 40. Ke3 R2xb4 41. Rc7+ Kf8 42. Ra8+ Rb8 43. Rxb8+ Rxb8 44. Kd4 Rc8 45. Rxc8+ Bxc8 46. Kxc3 Kg7 47. Kd4 Bb7 48. Ke5 Bf3 49. h4 Bd1 50. Bd3 1/2-1/2

[Event "Limburg Open 2022"]
[Site "Maastricht"]
[Date "2022.06.04"]
[Round "2.3"]
[White "Strating, Sybolt"]
[Black "Gurevich, Mikhail"]
[Result "0-1"]
[ECO "A88"]
[WhiteElo "2291"]
[BlackElo "2576"]
[PlyCount "72"]
[EventDate "2022.06.03"]
[EventType "swiss"]
[EventRounds "7"]
[EventCountry "NED"]
[SourceTitle "Limburg Open"]
[Source "Limburg Open"]
[SourceDate "2022.06.06"]
[SourceVersion "7"]
[SourceVersionDate "2022.06.06"]
[SourceQuality "1"]
[TimeControl "7200+15"]

1. d4 d6 2. c4 f5 3. Nf3 Nf6 4. g3 g6 5. Bg2 Bg7 6. O-O O-O 7. Nc3 c6 8. d5 e5 9. dxe6 Bxe6 10. b3 Qe7 11. Ba3 Rd8 12. Nd4 Na6 13. Qc2 Bd7 14. Rad1 Nc5 15. Rfe1 Re8 16. Bc1 Rad8 17. f3 Bc8 18. b4 Ne6 19. Nb3 d5 20. cxd5 cxd5 21. a3 d4 22. Nb5 Nd5 23. Nxa7 Bd7 24. Qc4 Ba4 25. f4 Nc3 26. b5 Bxb3 27. Qxb3 Qc5 28. b6 Nxd1 29. Rxd1 d3+ 30. e3 Qc2 31. Qxc2 dxc2 32. Rf1 Nc5 33. Bf3 Nb3 34. Nb5 Nxc1 35. Rxc1 Rd2 36. Nd4 Rxe3 0-1

[Event "Limburg Open 2022"]
[Site "Maastricht"]
[Date "2022.06.04"]
[Round "2.4"]
[White "Dardha, Daniel"]
[Black "Van Roon, Sjoerd"]
[Result "1/2-1/2"]
[ECO "E73"]
[WhiteElo "2555"]
[BlackElo "2280"]
[PlyCount "122"]
[EventDate "2022.06.03"]
[EventType "swiss"]
[EventRounds "7"]
[EventCountry "NED"]
[SourceTitle "Limburg Open"]
[Source "Limburg Open"]
[SourceDate "2022.06.06"]
[SourceVersion "7"]
[SourceVersionDate "2022.06.06"]
[SourceQuality "1"]
[TimeControl "7200+15"]

1. d4 Nf6 2. c4 g6 3. h4 d6 4. Nc3 Bg7 5. e4 c5 6. d5 O-O 7. Be2 e6 8. h5 exd5 9. exd5 Re8 10. Kf1 Nbd7 11. h6 Bh8 12. Bg5 Qb6 13. b3 Ne4 14. Nxe4 Rxe4 15. Nf3 Ne5 16. Rc1 Bf5 17. Kg1 Bg4 18. Qc2 f5 19. Be3 Re8 20.
Ng5 Bxe2 21. Qxe2 Rg4 22. Qd2 Bf6 23. Rh3 Bxg5 24. Bxg5 Rd4 25. Qe2 f4 26. Rd1 Rxd1+ 27. Qxd1 Qa5 28. Bxf4 Nxc4 29. Kf1 Qxa2 30. Kg1 Qa5 31. Kh2 Ne5 32. Bd2 Qd8 33. f4 Nd7 34. Qa1 Qf6 35. Qxa7 Re2 36. Bc1 Re1 37. Bd2 Re2 38. Qa8+ Qf8 39. Qxf8+ Kxf8 40. Bc3 Kf7 41. Rg3 Rf2 42. Re3 Rxf4 43. Re6 Nf6 44. Rxd6 Ne4 45. Rd7+ Ke8 46. Rxh7 Rh4+ 47. Kg1 Nxc3 48. g3 Rh5 49. d6 Ne4 50. Re7+ Kd8 51. Rxe4 Rxh6 52. Re6 Kd7 53. Re7+ Kxd6 54. Rxb7 Rh8 55. Kg2 Kc6 56. Rf7 Rb8 57. Rf3 Kd5 58. Kh3 Rb4 59. g4 g5 60. Kg3 Kd4 61. Kf2 Ke5 1/2-1/2

[Event "Limburg Open 2022"]
[Site "Maastricht"]
[Date "2022.06.04"]
[Round "2.5"]
[White "Grutter, Tim"]
[Black "Van Foreest, Lucas"]
[Result "0-1"]
[ECO "B01"]
[WhiteElo "2234"]
[BlackElo "2553"]
[PlyCount "122"]
[EventDate "2022.06.03"]
[EventType "swiss"]
[EventRounds "7"]
[EventCountry "NED"]
[SourceTitle "Limburg Open"]
[Source "Limburg Open"]
[SourceDate "2022.06.06"]
[SourceVersion "7"]
[SourceVersionDate "2022.06.06"]
[SourceQuality "1"]
[TimeControl "7200+15"]

1. e4 d5 2. exd5 Qxd5 3. Nc3 Qd6 4. d4 Nf6 5. Nb5 Qd8 6. c4 Bg4 7. Be2 Bxe2 8. Nxe2 c6 9. Nbc3 g6 10. Bf4 Bg7 11. Qd2 O-O 12. Bh6 Bxh6 13.
Qxh6 Nbd7 14. O-O Re8 15. Rfd1 Qa5 16. d5 cxd5 17. Nxd5 Nxd5 18. Rxd5 Qc7 19. b3 Nf6 20. Rd4 Rad8 21. Rad1 Ng4 22. Qh3 h5 23. Qg3 Qa5 24. h3 Rxd4 25. Nxd4 Nf6 26. a4 Rd8 27. Qf3 Qe5 28. Nb5 Rxd1+ 29. Qxd1 a6 30. Nd4 Ne4 31. Nf3 Qb2 32. Qd4 Qxd4 33. Nxd4 e5 34. Nf3 f6 35. a5 Kf7 36. Kf1 Nc5 37. Nd2 Ke7 38.
Ke2 Ne6 39. b4 Nf4+ 40. Kf3 f5 41. Nb3 Nd3 42. b5 Ne1+ 43.
Ke2 Nxg2 44. Nc5 Nf4+ 45. Kf3 Ne6 46. Nxb7 axb5 47. cxb5 Nd4+ 48. Kg3 Nxb5 49. a6 g5 50. h4 f4+ 51. Kf3 gxh4 52. Kg2 Ke6 53. Nc5+ Kd5 54. Nd7 Ke4 55. Nf6+ Kf5 56. Nxh5 Kg6 57. Nxf4+ exf4 58. Kh3 Kh5 59. f3 Kg5 60. Kh2 Kf6 61. Kh3 Ke5 0-1